Map: Tokamak LE

Players

SubN

  • Race: Zerg Zerg
  • League: Diamond
  • Spawn Location: 1:00

zuez - Winner!

  • Race: Terran Terran
  • League: Diamond
  • Spawn Location: 7:00

VOD

Have the link to the VOD?

Description

Time

  • Played on: July 30, 2025, 10:01 p.m.
  • Length: 7:01
Show
View Real Time Build Order
Export as new Build Order

SubN Zerg 

Build Orders: Pool First 

Get SALT Encoding   

  12  0:00  Drone  
  13  0:12  Overlord  
  13  0:18  Drone  
  14  0:31  Drone x2  
  16  0:52  Spawning Pool  
  16  0:54  Drone  
  16  0:55  Drone  
  17  1:11  Hatchery  
  16  1:20  Drone  
  17  1:35  Drone  
  18  1:40  Hatchery  
  17  1:47  Drone  
  17  1:50  Queen  
  20  2:07  Spine Crawler  
  19  2:15  Extractor  
  19  2:16  Drone  
  19  2:17  Drone x2  
  21  2:24  Queen  
  23  2:34  Drone  
  23  2:36  Drone x2  
  26  2:38  Spine Crawler  
  25  2:47  Overlord  
  25  2:50  Overlord  
  25  2:53  Drone  
  25  2:57  Drone  
  27  3:00  Drone  
  28  3:17  Queen  
  30  3:20  Drone x2  
  30  3:22  Spine Crawler  
  31  3:30  Drone x3  
  31  3:31  Drone  
  35  3:46  Drone x4  
  35  3:47  Drone x2  
  41  3:50  Metabolic Boost  
  41  3:56  Lair  
  41  4:05  Queen  
  43  4:11  Drone x4  
  47  4:22  Baneling Nest  
  47  4:24  Overlord x2  
  46  4:33  Drone x4  
  50  4:48  Drone x9, Roach Warren  
  58  4:56  Extractor x2  
  58  4:58  Extractor, Pneumatized Carapace  
  55  5:07  Drone x2  
  55  5:08  Drone  
  55  5:09  Overlord  
  58  5:23  Overlord  
  58  5:28  Queen  
  60  5:29  Drone x2  
  60  5:30  Drone  
  60  5:32  Drone x3  
  66  5:38  Hydralisk Den  
  66  5:39  Drone  
  66  5:43  Drone  
  66  5:44  Drone  
  68  5:50  Drone  
  68  5:56  Evolution Chamber  
  68  6:07  Hydralisk  
  68  6:08  Hydralisk x5  
  69  6:15  Hydralisk  
  68  6:25  Drone x7  
Show
View Real Time Build Order
Export as new Build Order

zuez Terran - Winner!

Build Orders: Command Center First 

Get SALT Encoding   

  12  0:00  SCV  
  13  0:12  SCV  
  14  0:20  Supply Depot  
  14  0:24  SCV  
  15  0:42  SCV  
  16  0:54  SCV  
  17  1:03  Command Center  
  17  1:12  SCV  
  18  1:21  Barracks  
  18  1:26  SCV  
  18  1:29  Refinery  
  19  1:33  Refinery  
  19  1:38  SCV  
  20  1:50  SCV  
  21  2:03  SCV  
  22  2:08  Marine  
  22  2:10  Bunker  
  22  2:15  SCV  
  24  2:21  Factory  
  24  2:22  Orbital Command  
  24  2:27  SCV  
  24  2:29  Reaper  
  26  2:39  Orbital Command  
  26  2:46  Refinery  
  26  2:50  SCV  
  27  3:02  SCV  
  28  3:08  Starport  
  28  3:10  Starport  
  28  3:16  Refinery  
  28  3:19  SCV x2  
  30  3:31  SCV  
  31  3:36  SCV  
  32  3:43  SCV  
  32  3:48  SCV  
  34  3:49  Starport Tech Lab  
  34  3:50  Fusion Core  
  34  3:53  Starport Tech Lab  
  34  3:55  SCV  
  35  3:58  Supply Depot  
  35  4:00  Supply Depot, SCV  
  36  4:07  SCV  
  37  4:12  SCV  
  38  4:20  SCV  
  38  4:24  SCV  
  38  4:27  Supply Depot  
  39  4:33  SCV  
  39  4:36  SCV  
  41  4:39  Battlecruiser  
  47  4:46  Battlecruiser  
  47  4:50  Weapon Refit  
  53  4:53  Supply Depot  
  53  4:56  SCV  
  53  4:57  SCV  
  55  5:12  Command Center  
  55  5:13  Engineering Bay  
  55  5:14  SCV  
  56  5:15  SCV  
  56  5:20  Supply Depot  
  57  5:26  SCV  
  57  5:27  SCV  
  59  5:31  Widow Mine  
  61  5:43  Battlecruiser  
  67  5:50  Battlecruiser  
  67  5:55  SCV x2  
  75  6:23  SCV x2  
  75  6:25  Widow Mine  
  79  6:33  Factory x2  
  79  6:34  Starport  
  79  6:35  SCV x2  
  79  6:36  Armory  
  79  6:37  Starport  
Tags
 
Add a new tag
Caveats
  • Supply blocks, unpowered buildings, or Contaminate may cause inaccurate times.
  • Supply counts are checked every 10 seconds.